 Dungeon Crawl Stone Soup version 0.31-a0-844-gdc52ec4e09 (webtiles) character file.

Game seed: 3837955392619976976

1444 Dirtsage the Cleaver (level 8, -4/58 HPs)
             Began as a Demonspawn Berserker on Sept 29, 2023.
             Was an Elder of Trog.
             Slain by an orc
             ... wielding a +0 dagger of distortion
              (5 damage)
             ... on level 6 of the Dungeon.
             The game lasted 00:06:22 (4659 turns).

Dirtsage the Cleaver (Demonspawn Berserker)         Turns: 4659, Time: 00:06:22

Health: -4/58      AC: -4    Str: 19    XL:     8   Next: 46%
Magic:  17/17      EV: 15    Int: 10    God:    Trog [****..]
Gold:   310        SH:  0    Dex: 16    Spells: 7/7 levels left

rFire   + . .        a - +0 hand axe
rCold   + . .        (no shield)
rNeg    . . .        n - +0 scale mail {rPois}
rPois   +            t - +0 helmet
rElec   .            s - scarf "Jymahuuh" {rC+ rF+, MP+9 Dex+4}
rCorr   .            (no gloves)
SInv    .            m - +2 pair of boots
Will    .....        d - amulet of faith Stlth
                     q - +5 ring of evasion
HPRegen 0.29/turn    r - ring of flight
MPRegen 0.15/turn

%: faith
@: corroded, on berserk cooldown, flying
A: claws 2, foul stench 2, sharp scales 1
a: Renounce Religion, Berserk, Trog's Hand, Brothers in Arms


You were on level 6 of the Dungeon.
You worshipped Trog.
Trog was greatly pleased with you.
You visited 1 branch of the dungeon, and saw 6 of its levels.
You also visited: Ossuary.

You collected 310 gold pieces.

Inventory:

Hand Weapons
 a - a +0 hand axe (weapon)
Armour
 m - a +2 pair of boots (worn)
 n - a +0 scale mail of poison resistance (worn)
 s - the scarf "Jymahuuh" (worn) {rC+ rF+, MP+9 Dex+4}
   (You found it on level 3 of the Dungeon)

   Dex+4:     It affects your dexterity (+4).
   MP+9:      It affects your magic capacity (+9).
 t - a +0 helmet (worn)
Jewellery
 d - an amulet of faith (around neck)
 q - a +5 ring of evasion (left claw)
 r - a ring of flight (right claw)
Wands
 A - a wand of flame (20)
Scrolls
 e - a scroll of vulnerability {unknown}
 h - a scroll of amnesia {unknown}
 j - 12 scrolls of identify {unknown}
 l - a scroll of noise {unknown}
 o - 2 scrolls of immolation {unknown}
 u - 2 scrolls of teleportation {unknown}
 x - a scroll of enchant armour {unknown}
 y - a scroll of fear {unknown}
Potions
 b - a potion of invisibility {unknown}
 c - 2 potions of enlightenment {unknown}
 f - a potion of lignification {unknown}
 g - 4 potions of heal wounds {unknown}
 i - 2 potions of mutation {unknown}
 k - 4 potions of curing {unknown}
 p - 2 potions of degeneration {unknown}
 v - a potion of haste {unknown}
 w - a potion of berserk rage {unknown}
 z - a potion of brilliance {unknown}


   Skills:
 - Level 3.0 Fighting
 + Level 10.1 Axes
 - Level 1.7 Armour
 - Level 1.7 Dodging


You had 7 spell levels left.
You didn't know any spells.
Your spell library was empty.

Dungeon Overview and Level Annotations

Branches:
Dungeon (6/15)            Ossuary (visited)
 Temple: D:4-7

Altars:
Cheibriados
Makhleb
Sif Muna
Xom

Shops:
D:1 [

Annotations:
D:3 exclusion: door
D:6 Menkaure


Innate Abilities, Weirdness & Mutations

You have very sharp fingernails.
You sometimes emit foul miasma when damaged in melee.
You are partially covered in razor-sharp scales. (AC +1, Slay +1)


Message History

You hit the jelly but do no damage.
Your claws burn!
The jelly is moderately wounded.
You barely miss the orc. The jelly closely misses you.
The orc hits you with a +0 mace.
You take 8 damage, and have 37/58 hp.
You are too injured to fight recklessly!
You barely miss the orc. You hit the jelly. The acid corrodes you!
Your claws burn!
You take 1 damage, and have 36/58 hp.
You hit the jelly but do no damage.
Your claws burn!
The jelly is severely wounded.
You hit the orc. The jelly hits you.
You are splashed with acid!
The orc closely misses you.
You take 16 damage, and have 20/58 hp.
MASSIVE DAMAGE!!
You hit the jelly but do no damage. The acid corrodes you!
Your claws burn!
* * * LOW HITPOINT WARNING * * *
The jelly is severely wounded.
You hit the orc but do no damage. You hit the orc.
You kill the orc!
Trog accepts your kill. The jelly completely misses you.
The orc barely misses you.
The orc priest begins to cast a cantrip, but forgets the words!
Menkaure draws the symbol "Udjat" in the dust.
You take 3 damage, and have 17/58 hp.
You hit the jelly but do no damage.
Your claws burn!
* * * LOW HITPOINT WARNING * * *
The jelly is severely wounded.
You closely miss the orc. The jelly hits you.
* * * LOW HITPOINT WARNING * * *
You are splashed with acid!
* * * LOW HITPOINT WARNING * * *
You emit a cloud of foul miasma!
The orc barely misses you.
You take 12 damage, and have 5/58 hp.
MASSIVE DAMAGE!!
You hit the jelly but do no damage.
Your claws burn!
* * * LOW HITPOINT WARNING * * *
The jelly is severely wounded.
You hit the orc priest but do no damage.
You barely miss the orc.
The orc hits you with a +0 dagger of distortion.
You die...

... #.)#...#
....##...####..#...##
...................#
................... # #
#. #...###.###.....
#.#.##.##...##.##
##.... #......M.......#
#...# #.....o....##.#
##..##
#....J@o...###.###.....
#.......)..# #...#####
#..........# #.#.#
#..........# #.#.#####
#..........# #.#.<....
#............ ..#####.#
#.....^...#####.
#.........# #. #.


You could see Menkaure, a jelly, an orc priest and an orc.

Vanquished Creatures
  A wraith (Ossuary)
  Sigmund (D:2)
  2 water moccasins
  An ogre (D:5)
  Blork the orc (D:6)
  3 scorpions
  3 howler monkeys
  A crimson imp (D:3)
  A hound (D:6)
  A gnoll bouda (D:5)
  2 jellies (D:4)
  2 iguanas (D:5)
  A sleepcap (D:5)
  2 orc wizards (D:4)
  A mummy (Ossuary)
  5 gnolls (D:5)
  2 adders (D:5)
  A white imp (D:5)
  2 ufetubi (D:4)
  4 worms
  2 dart slugs
  8 orcs
  11 endoplasms
  3 giant cockroaches
  3 goblins
  9 hobgoblins
  4 jackals
  6 kobolds
  4 quokkas
  3 ball pythons
  4 bats (D:1)
  4 frilled lizards
  3 gnoll skeletons (Ossuary)
  7 kobold skeletons (Ossuary)
  15 orc skeletons (Ossuary)
  4 rats
127 creatures vanquished.

Notes
Turn   | Place    | Note
-------+----------+-------------------------------------------
     0 | D:1      | Dirtsage the Demonspawn Berserker began the quest for the
                  | Orb.
     0 | D:1      | Reached XP level 1. HP: 18/18 MP: 1/1
   151 | D:1      | Reached skill level 3 in Axes
   201 | D:1      | Gained mutation: You are partially covered in razor-sharp
                  | scales. (AC +1, Slay +1) [demonic ancestry]
   201 | D:1      | Reached XP level 2. HP: 24/24 MP: 2/2
   286 | D:1      | Found a faded altar of an unknown god.
   644 | D:1      | Found Ryidithe's Armour Shoppe.
   889 | D:2      | Reached ** piety under Trog
   890 | D:2      | Gained mutation: You may rarely emit foul miasma when
                  | damaged in melee. [demonic ancestry]
   890 | D:2      | Reached XP level 3. HP: 17/29 MP: 3/3
  1070 | D:2      | Reached skill level 4 in Axes
  1315 | D:2      | Noticed Sigmund
  1338 | D:2      | Killed Sigmund
  1339 | D:2      | Reached skill level 5 in Axes
  1339 | D:2      | Gained mutation: You sometimes emit foul miasma when
                  | damaged in melee. [demonic ancestry]
  1339 | D:2      | Reached XP level 4. HP: 24/35 MP: 4/4
  1339 | D:2      | Gained mutation: You have sharp fingernails. [demonic
                  | ancestry]
  1339 | D:2      | Reached XP level 5. HP: 29/41 MP: 5/5
  1473 | D:3      | Found a snail-covered altar of Cheibriados.
  1772 | D:3      | Identified the scarf "Jymahuuh" {rC+ rF+, MP+9 Dex+4}
  2063 | D:3      | Found a burning altar of Makhleb.
  2064 | D:3      | Found a shimmering altar of Xom.
  2084 | D:3      | Reached skill level 6 in Axes
  2187 | D:3      | Found a shimmering blue altar of Sif Muna.
  2507 | D:4      | Reached XP level 6. HP: 36/47 MP: 6/6
  2758 | D:4      | Reached *** piety under Trog
  2974 | D:4      | Reached skill level 7 in Axes
  3494 | D:5      | Entered Level 5 of the Dungeon
  3498 | D:5      | Noticed a water moccasin
  3504 | D:5      | Killed a water moccasin
  3505 | D:5      | Gained mutation: You have very sharp fingernails. [demonic
                  | ancestry]
  3505 | D:5      | Reached XP level 7. HP: 52/52 MP: 7/7
  3555 | D:5      | Found a sand-covered staircase.
  3562 | Ossuary  | Entered an ossuary
  3562 | Ossuary  | Noticed a wraith
  3562 | Ossuary  | Noticed a wraith
  3562 | Ossuary  | Noticed a wraith
  3585 | Ossuary  | Reached skill level 8 in Axes
  3612 | Ossuary  | Noticed a wraith
  3622 | Ossuary  | Killed a wraith
  3731 | Ossuary  | Reached **** piety under Trog
  4035 | D:5      | Reached skill level 9 in Axes
  4035 | D:5      | Reached XP level 8. HP: 58/58 MP: 8/8
  4604 | D:6      | Noticed Blork the orc
  4613 | D:6      | Killed Blork the orc
  4614 | D:6      | Reached skill level 10 in Axes
  4651 | D:6      | Noticed Menkaure
  4659 | D:6      | HP: 1/58 [acid (4)]
  4659 | D:6      | Slain by an orc

Illustrated notes

Levels and vault maps discovered:
D:1:      psy_arrival_fountain, layout_loops_ring,
          shapermc_ecumenical_altar_notcrosses, serial_shops,
          nicolae_shop_just_a_little_nook
D:2:      layout_rooms, uniq_sigmund
D:3:      layout_basic, grunt_temple_overflow_champion_of_chaos,
          kennysheep_slug_shrine, led_sif_book
D:4:      layout_loops_ring
D:5:      layout_basic, nicolae_ossuary_entry_plus
D:6:      layout_loops_ring, jmf_multi_god_temple2,
          nicolae_overflow_hidden_temple, minmay_temple_entry_mini_moons,
          uniq_menkaure, uniq_blork_the_orc

Skill      XL: |  1  2  3  4  5  6  7  8 |
---------------+-------------------------+-----
Axes           | 3 5 6 7 9 10 | 10.1
Fighting       | |  3.0
Armour         | |  1.7
Dodging        | |  1.7

Action                     |  1- 3 |  4- 6 |  7- 9 || total
---------------------------+-------+-------+-------++-------
  Melee: Hand axe          |   123 |   162 |   137 ||   422
         Punch             |     3 |     2 |     3 ||     8
 Invoke: Berserk           |     2 |     2 |     3 ||     7
 Armour: Ring mail         |    59 |       |       ||    59
         Animal skin       |     1 |       |       ||     1
         Scale mail        |    13 |    77 |    53 ||   143
  Dodge: Dodged            |    63 |   101 |    86 ||   250

Table legend: (Time is in decaauts)
 A = Elapsed time spent in this place.
 B = Non-inter-level travel time spent in this place.
 C = Inter-level travel time spent in this place.
 D = Time resting spent in this place.
 E = Time spent auto-exploring this place.
 F = Levels seen in this place.
 G = Mean time per level.
                   A        B        C        D        E       F      G
               +--------+--------+--------+--------+--------+-----+--------+
         Total |   4730 |   4610 |    120 |    151 |   3591 |   7 |  675.7 |
       Dungeon |   4490 |   4370 |    120 |     90 |   3498 |   6 |  748.3 |
       Ossuary |    239 |    239 |      0 |     61 |     93 |   1 |  239.0 |
               +--------+--------+--------+--------+--------+-----+--------+

Top non-repeatable levels by time:
     D:3: 1032 daAuts
     D:4: 1000 daAuts
     D:5: 831 daAuts
     D:1: 780 daAuts
     D:2: 727 daAuts
 Ossuary: 239 daAuts
     D:6: 118 daAuts
